Capitals vs Maple Leafs
Created - January 19, 2018 at 19:02
Goals
|
| Capitals |
3 |
2 |
0 |
5 |
| Maple Leafs |
3 |
1 |
0 |
4 |
|
Shots
|
| Capitals |
9 |
12 |
5 |
26 |
| Maple Leafs |
14 |
10 |
8 |
32 |
|
1st period
1. Capitals , Tyler Seguin 10 (Chris Kunitz 7) at 0:41
2. Capitals , T.J. Oshie 8 (Chris Kunitz 8, Tyler Seguin 21) at 10:39
3. Capitals , Jamie Benn 5 (Dougie Hamilton 3, Marcel Goc 3) at 12:57
4. Maple Leafs , Claude Giroux 26 (Jordan Staal 19, Gilbert Brule 15) at 14:28
5. Maple Leafs , Colby Armstrong 7 (Zac Dalpe 7) at 19:45
6. Maple Leafs , Claude Giroux 27 (Tobias Enstrom 14, Alexander Frolov 12) at 19:56
Penalties :
Chris Kunitz (Was) for Slashing (Minor) at 17:20
2nd period
7. Capitals , Christian Ehrhoff 1 (Patrick Marleau 14) at 7:43 (PP)
8. Maple Leafs , Zac Dalpe 4 (Eric Nystrom 4, Marc-Édouard Vlasic 19) at 9:53
9. Capitals , Scott Gomez 6 (Patrick Marleau 15, Matt Irwin 3) at 11:47 (PP)
Penalties :
Scott Gomez (Was) for Hooking (Minor) at 1:15, Adam Larsson (Was) for Goalie Interference (Minor) at 4:07, Alexander Frolov (Tor) for Roughing (Minor) at 7:01, Tobias Enstrom (Tor) for Holding (Minor) at 7:31, Alexander Frolov (Tor) for Boarding (Minor) at 10:17
3rd period
No Goal
Penalties :
Jaromir Jagr (Was) for Hooking (Minor) at 0:03, Alexander Frolov (Tor) for Hooking (Minor) at 5:45, Zac Dalpe (Tor) for Roughing (Minor) at 9:18, T.J. Oshie (Was) for Hooking (Minor) at 18:39
Goalie Stats
Craig Anderson (Was), 28 saves from 32 shots - (0.875), W, 16-13-2, 60:00 minutes
Marc-André Fleury (Tor), 21 saves from 26 shots - (0.808), L, 15-17-4, 58:45 minutes
Players Stats for Capitals
Player Name G A P +/- PIM S H SB GA TA FO MP PP MP PK MP
------------------------------------------------------------------------------------
Adam Larsson 0 0 0 -1 2 1 0 0 0 0 0/0 12:10 0:00 0:00
Blake Wheeler 0 0 0 -1 0 2 1 0 1 1 1/3 16:35 3:37 1:56
Brian Boyle 0 0 0 0 0 0 0 0 0 0 2/2 8:34 0:00 1:41
Chris Kunitz 0 2 2 1 2 1 2 0 0 0 0/0 11:30 0:00 0:02
Christian Ehrhoff 1 0 1 0 0 3 6 1 0 1 0/0 26:51 5:20 5:39
Dougie Hamilton 0 1 1 -1 0 0 0 2 0 0 0/0 12:06 0:00 0:00
François Beauchemin 0 0 0 0 0 0 0 1 0 0 0/0 21:03 2:37 3:37
Jamie Benn 1 0 1 -1 0 1 1 0 0 0 0/0 14:34 3:37 0:00
Jaromir Jagr 0 0 0 -1 2 1 1 0 0 0 2/4 22:38 4:20 4:35
Marcel Goc 0 1 1 -1 0 2 1 1 0 0 4/10 14:34 3:37 0:00
Matt Irwin 0 1 1 0 0 2 2 1 0 0 0/0 21:03 2:37 3:37
Ondrej Palat 0 0 0 0 0 1 0 0 0 0 0/0 9:03 0:00 1:58
Patrick Marleau 0 2 2 -1 0 0 1 1 0 0 1/1 19:21 4:11 1:56
Paul Martin 0 0 0 0 0 2 0 2 0 1 0/0 26:51 5:20 5:39
Scott Gomez 1 0 1 -1 2 6 3 0 0 1 14/36 22:14 4:20 4:32
Shane Doan 0 0 0 0 0 1 1 0 0 0 1/1 8:57 0:00 1:49
T.J. Oshie 1 0 1 1 2 2 0 0 0 0 0/0 10:55 0:00 0:00
Tyler Seguin 1 1 2 1 0 1 0 1 0 1 2/3 11:40 0:09 0:03
Players Stats for Maple Leafs
Player Name G A P +/- PIM S H SB GA TA FO MP PP MP PK MP
------------------------------------------------------------------------------------
Alexander Frolov 0 1 1 1 6 1 1 0 0 0 1/1 20:07 5:33 0:53
Artemi Panarin 0 0 0 0 0 1 0 0 0 0 0/0 6:28 0:00 1:46
Blake Comeau 0 0 0 0 0 0 0 0 0 0 0/0 7:54 0:00 2:23
Braydon Coburn 0 0 0 1 0 1 1 3 0 0 0/0 24:45 5:56 4:37
Claude Giroux 2 0 2 1 0 7 0 1 2 0 5/9 25:15 5:33 4:38
Colby Armstrong 1 0 1 1 0 2 3 0 0 0 0/0 11:05 0:00 0:00
Eric Nystrom 0 1 1 1 0 0 4 0 0 0 1/1 11:46 0:00 0:00
Fabian Brunnstrom 0 0 0 -1 0 2 1 0 1 0 0/1 17:13 3:43 0:00
Gilbert Brule 0 1 1 -1 0 4 0 0 0 0 7/9 20:20 3:43 2:12
John Klingberg 0 0 0 1 0 1 0 3 0 0 0/0 12:40 0:00 1:34
Jordan Staal 0 1 1 1 0 5 3 1 0 0 16/30 23:34 5:33 3:50
Marc-Édouard Vlasic 0 1 1 -1 0 1 2 0 0 1 0/0 21:19 3:20 2:59
Mathieu Carle 0 0 0 0 0 0 0 0 0 0 0/0 3:26 0:00 0:21
Michael Grabner 0 0 0 -1 0 2 5 0 0 0 0/0 17:13 3:43 0:00
Ryan Parent 0 0 0 -1 0 1 0 1 1 0 0/0 21:19 3:20 2:59
Taylor Chorney 0 0 0 1 0 0 0 0 0 0 0/0 10:30 0:00 0:00
Tobias Enstrom 0 1 1 1 2 3 1 3 0 0 0/0 26:09 5:56 3:23
Zac Dalpe 1 1 2 1 2 1 1 0 1 0 3/9 10:43 0:00 0:00
3 Stars
1 - Claude Giroux (Tor)
2 - Tyler Seguin (Was)
3 - Christian Ehrhoff (Was)
Power Play
Capitals - 2 on 5 Attempt(s) - 40.00%
Maple Leafs - 0 on 5 Attempt(s) - 0.00%
Penalty Kill
Capitals - 5 on 5 Attempt(s) - 100.00%
- Score 0 goal in Penalty Kill
Maple Leafs - 3 on 5 Attempt(s) - 60.00%
- Score 0 goal in Penalty Kill
Team Stat
Capitals - Hits : 19 - Faceoff Wins : 27 - Blocked Shots : 10 - Penalty Minutes : 10
Maple Leafs - Hits : 22 - Faceoff Wins : 33 - Blocked Shots : 12 - Penalty Minutes : 10
Official
Referees : Auger Stephane and Kowal Tom
Linesman : Jean Morin and David Brisebois
Game Notes
No Game Note
Finance
Level 1 -- Attendance: 5462 (91.03%) -- Ticket Income $491,580
Level 2 -- Attendance: 4688 (93.76%) -- Ticket Income $257,840
Level 3 -- Attendance: 2000 (100.00%) -- Ticket Income $72,000
Level 4 -- Attendance: 4000 (100.00%) -- Ticket Income $100,000
Luxury Box -- Attendance: 1000 (100.00%) -- Ticket Income $155,000
Game was played at the Maple Leafs Garden.
Total Attendance: 17150 (95.28%)
Total Ticket Income: $1,076,420
Other Income: $161,463
Total Income: $1,237,883
Capitals
5 vs 5 Forward
Center Left Wing Right Wing Time % Phy DF OF
1 Scott Gomez Patrick Marleau Jaromir Jagr 40 1 2 2
2 Marcel Goc Jamie Benn Blake Wheeler 30 1 2 2
3 Tyler Seguin Chris Kunitz T.J. Oshie 20 1 2 2
4 Brian Boyle Ondrej Palat Shane Doan 10 1 2 2
5 vs 5 Defense
Defense Defense Time % Phy DF OF
1 Paul Martin Christian Ehrhoff 40 1 2 2
2 François Beauchemin Matt Irwin 30 1 2 2
3 Adam Larsson Dougie Hamilton 20 1 2 2
4 Paul Martin Christian Ehrhoff 10 1 2 2
PowerPlay Forward
Center Left Wing Right Wing Time % Phy DF OF
1 Scott Gomez Patrick Marleau Jaromir Jagr 60 1 2 2
2 Marcel Goc Jamie Benn Blake Wheeler 40 1 2 2
PowerPlay Defense
Defense Defense Time % Phy DF OF
1 Paul Martin Christian Ehrhoff 60 1 2 2
2 François Beauchemin Matt Irwin 40 1 2 2
Penalty Kill 4 Players Forward
Center Wing Time % Phy DF OF
1 Scott Gomez Jaromir Jagr 60 1 2 2
2 Blake Wheeler Patrick Marleau 40 1 2 2
Penalty Kill 4 Players Defense
Defense Defense Time % Phy DF OF
1 Paul Martin Christian Ehrhoff 60 1 2 2
2 François Beauchemin Matt Irwin 40 1 2 2
Penalty Kill - 3 Players Forward
Forward Time % Phy DF OF
1 Scott Gomez 60 1 2 2
2 Jaromir Jagr 40 1 2 2
Penalty Kill - 3 Players Defense
Defense Defense Time % Phy DF OF
1 Paul Martin Christian Ehrhoff 60 1 2 2
2 François Beauchemin Matt Irwin 40 1 2 2
4 vs 4 Forward
Center Wing Time % Phy DF OF
1 Scott Gomez Jaromir Jagr 60 1 2 2
2 Blake Wheeler Patrick Marleau 40 1 2 2
4 vs 4 Defense
Defense Defense Time % Phy DF OF
1 Paul Martin Christian Ehrhoff 60 1 2 2
2 François Beauchemin Matt Irwin 40 1 2 2
Last Minutes Offensive
Center Left Wing Right Wing Defense Defense
Scott Gomez Patrick Marleau Jaromir Jagr Paul Martin Christian Ehrhoff
Last Minutes Defensive
Center Left Wing Right Wing Defense Defense
Scott Gomez Patrick Marleau Jaromir Jagr Paul Martin Christian Ehrhoff
Goaltenders
Starting : Craig Anderson
Backup : Jake Allen
Extra Forwards
Normal : Tyler Seguin, T.J. Oshie, Shane Doan - PP : Tyler Seguin, T.J. Oshie - PK : Shane Doan
Extra Defensemen
Normal : Adam Larsson, Dougie Hamilton, François Beauchemin - PP : Adam Larsson - PK : Dougie Hamilton, François Beauchemin
Penalty Shots
Scott Gomez, Jaromir Jagr, Blake Wheeler, Patrick Marleau, Jamie Benn
Scratches
Joe Thornton (Left Knee Injury), Keith Yandle (Sprained Right Ankle Injury), Matt Carle (Separated Left Shoulder Injury), Pierre-Alexandre Parenteau (Healthy)
Maple Leafs
5 vs 5 Forward
Center Left Wing Right Wing Time % Phy DF OF
1 Jordan Staal Alexander Frolov Claude Giroux 40 1 2 2
2 Gilbert Brule Fabian Brunnstrom Michael Grabner 30 1 2 2
3 Zac Dalpe Eric Nystrom Colby Armstrong 20 1 2 2
4 Claude Giroux Artemi Panarin Blake Comeau 10 1 2 2
5 vs 5 Defense
Defense Defense Time % Phy DF OF
1 Tobias Enstrom Braydon Coburn 40 1 2 2
2 Ryan Parent Marc-Édouard Vlasic 30 1 2 2
3 Taylor Chorney John Klingberg 20 1 2 2
4 Mathieu Carle Tobias Enstrom 10 1 2 2
PowerPlay Forward
Center Left Wing Right Wing Time % Phy DF OF
1 Jordan Staal Alexander Frolov Claude Giroux 60 1 2 2
2 Gilbert Brule Fabian Brunnstrom Michael Grabner 40 1 2 2
PowerPlay Defense
Defense Defense Time % Phy DF OF
1 Tobias Enstrom Braydon Coburn 60 1 2 2
2 Ryan Parent Marc-Édouard Vlasic 40 1 2 2
Penalty Kill 4 Players Forward
Center Wing Time % Phy DF OF
1 Claude Giroux Jordan Staal 60 1 2 2
2 Gilbert Brule Alexander Frolov 40 1 2 2
Penalty Kill 4 Players Defense
Defense Defense Time % Phy DF OF
1 Tobias Enstrom Braydon Coburn 60 1 2 2
2 Ryan Parent Marc-Édouard Vlasic 40 1 2 2
Penalty Kill - 3 Players Forward
Forward Time % Phy DF OF
1 Claude Giroux 60 1 2 2
2 Jordan Staal 40 1 2 2
Penalty Kill - 3 Players Defense
Defense Defense Time % Phy DF OF
1 Tobias Enstrom Braydon Coburn 60 1 2 2
2 Ryan Parent Marc-Édouard Vlasic 40 1 2 2
4 vs 4 Forward
Center Wing Time % Phy DF OF
1 Claude Giroux Jordan Staal 60 1 2 2
2 Gilbert Brule Alexander Frolov 40 1 2 2
4 vs 4 Defense
Defense Defense Time % Phy DF OF
1 Tobias Enstrom Braydon Coburn 60 1 2 2
2 Ryan Parent Marc-Édouard Vlasic 40 1 2 2
Last Minutes Offensive
Center Left Wing Right Wing Defense Defense
Jordan Staal Alexander Frolov Claude Giroux Tobias Enstrom Braydon Coburn
Last Minutes Defensive
Center Left Wing Right Wing Defense Defense
Jordan Staal Alexander Frolov Claude Giroux Tobias Enstrom Braydon Coburn
Goaltenders
Starting : Marc-André Fleury
Backup : Alex Stalock
Extra Forwards
Normal : Eric Nystrom, Colby Armstrong, Blake Comeau - PP : Eric Nystrom, Colby Armstrong - PK : Blake Comeau
Extra Defensemen
Normal : Taylor Chorney, John Klingberg, Mathieu Carle - PP : Taylor Chorney - PK : John Klingberg, Mathieu Carle
Penalty Shots
Claude Giroux, Jordan Staal, Gilbert Brule, Alexander Frolov, Michael Grabner
Scratches
Evgeny Grachev (Healthy)
% Time on Ice - Capitals
Lines # - Real PCT - Wanted PCT - Time Play
Normal Forward
1 - 33% - 40% - 13:56
2 - 26% - 30% - 11:02
3 - 26% - 20% - 10:56
4 - 16% - 10% - 6:53
Normal Defense
1 - 32% - 40% - 13:31
2 - 35% - 30% - 14:49
3 - 28% - 20% - 12:06
4 - 5% - 10% - 2:21
PP Forward
1 - 55% - 60% - 4:20
2 - 45% - 40% - 3:37
PP Defense
1 - 67% - 60% - 5:20
2 - 33% - 40% - 2:37
PK Forward
1 - 79% - 60% - 7:20
2 - 21% - 40% - 1:56
PK Defense
1 - 61% - 60% - 5:39
2 - 39% - 40% - 3:37
PK3 Forward
1 - 0% - 60%
2 - 0% - 40%
PK3 Defense
1 - 0% - 60%
2 - 0% - 40%
44 Forward
1 - 0% - 60%
2 - 0% - 40%
44 Defense
1 - 0% - 60%
2 - 0% - 40%
Last Minute Offensive - 0:00
Last Minute Defensive - 0:00
Total
Forward - 60:00
Defense - 60:00
|
% Time on Ice - Maple Leafs
Lines # - Real PCT - Wanted PCT - Time Play
Normal Forward
1 - 33% - 40% - 13:58
2 - 33% - 30% - 13:58
3 - 24% - 20% - 10:23
4 - 10% - 10% - 4:28
Normal Defense
1 - 35% - 40% - 14:48
2 - 35% - 30% - 15:00
3 - 25% - 20% - 10:30
4 - 6% - 10% - 2:29
PP Forward
1 - 60% - 60% - 5:33
2 - 40% - 40% - 3:43
PP Defense
1 - 64% - 60% - 5:56
2 - 36% - 40% - 3:20
PK Forward
1 - 79% - 60% - 6:06
2 - 21% - 40% - 1:39
PK Defense
1 - 62% - 60% - 4:46
2 - 38% - 40% - 2:59
PK3 Forward
1 - 100% - 60% - 0:12
2 - 0% - 40% - 0:00
PK3 Defense
1 - 100% - 60% - 0:12
2 - 0% - 40% - 0:00
44 Forward
1 - 0% - 60%
2 - 0% - 40%
44 Defense
1 - 0% - 60%
2 - 0% - 40%
Last Minute Offensive - 0:00
Last Minute Defensive - 0:00
Total
Forward - 60:00
Defense - 60:00
|
Play by Play
1st period
0:01 of 1st period - Jordan Staal wins face-off versus Scott Gomez in neutral zone.
0:04 of 1st period - Snap shot by Jordan Staal.
0:04 of 1st period - Stopped by Craig Anderson without a rebound.
0:05 of 1st period - Jordan Staal wins face-off versus Scott Gomez in Capitals zone.
0:10 of 1st period - Snap shot by Jordan Staal.
0:10 of 1st period - Shot Misses the Net.
0:18 of 1st period - Claude Giroux is hit by Christian Ehrhoff and loses puck.
0:41 of 1st period - Snap shot by Tyler Seguin.
0:41 of 1st period - Goal by Tyler Seguin - Capitals : 1 - Maple Leafs : 0.
0:42 of 1st period - Gilbert Brule wins face-off versus Marcel Goc in neutral zone.
0:54 of 1st period - Off-side.
0:55 of 1st period - Brian Boyle wins face-off versus Zac Dalpe in neutral zone.
1:10 of 1st period - Snap shot by Ondrej Palat.
1:10 of 1st period - Stopped by Marc-André Fleury with a rebound.
1:49 of 1st period - Snap shot by Artemi Panarin.
1:49 of 1st period - Deflect By Claude Giroux.
1:49 of 1st period - Stopped by Craig Anderson with a rebound.
3:01 of 1st period - Off-side.
3:02 of 1st period - Tyler Seguin wins face-off versus Fabian Brunnstrom in neutral zone.
4:07 of 1st period - Snap shot by Shane Doan.
4:07 of 1st period - Deflect By Ondrej Palat.
4:07 of 1st period - Shot Blocked by John Klingberg.
4:07 of 1st period - Puck is out of play.
4:08 of 1st period - Brian Boyle wins face-off versus Gilbert Brule in Maple Leafs zone.
4:33 of 1st period - Alexander Frolov is hit by Christian Ehrhoff and loses puck.
5:22 of 1st period - Wrist shot by T.J. Oshie.
5:22 of 1st period - Stopped by Marc-André Fleury without a rebound.
5:23 of 1st period - Scott Gomez wins face-off versus Gilbert Brule in Maple Leafs zone.
6:00 of 1st period - Blake Wheeler is hit by Jordan Staal.
6:50 of 1st period - Taylor Chorney is hit by Scott Gomez.
7:08 of 1st period - Alexander Frolov is hit by Marcel Goc and loses puck.
7:13 of 1st period - Snap shot by Marcel Goc.
7:13 of 1st period - Shot Misses the Net.
7:19 of 1st period - Wrist shot by Marcel Goc.
7:19 of 1st period - Shot Blocked by Tobias Enstrom.
7:31 of 1st period - Slapshot by Colby Armstrong.
7:31 of 1st period - Deflect By Zac Dalpe.
7:31 of 1st period - Shot Misses the Net.
7:31 of 1st period - Puck is out of play.
7:32 of 1st period - Tyler Seguin wins face-off versus Zac Dalpe in Capitals zone.
7:59 of 1st period - Wrist shot by Michael Grabner.
7:59 of 1st period - Stopped by Craig Anderson with a rebound.
8:37 of 1st period - T.J. Oshie is hit by Tobias Enstrom and loses puck.
9:00 of 1st period - Wrist shot by Gilbert Brule.
9:00 of 1st period - Stopped by Craig Anderson with a rebound.
9:02 of 1st period - Slapshot by Marc-Édouard Vlasic.
9:02 of 1st period - Shot Blocked by Paul Martin.
9:06 of 1st period - Snap shot by Gilbert Brule.
9:06 of 1st period - Stopped by Craig Anderson with a rebound.
9:08 of 1st period - Slapshot by Ryan Parent.
9:08 of 1st period - Shot Misses the Net.
9:10 of 1st period - Snap shot by Gilbert Brule.
9:10 of 1st period - Shot Misses the Net.
9:12 of 1st period - Slapshot by Ryan Parent.
9:12 of 1st period - Stopped by Craig Anderson with a rebound.
9:14 of 1st period - Slapshot by Ryan Parent.
9:14 of 1st period - Shot Misses the Net.
9:32 of 1st period - Snap shot by Chris Kunitz.
9:32 of 1st period - Shot Misses the Net.
9:42 of 1st period - Paul Martin is hit by Michael Grabner and loses puck.
10:37 of 1st period - Snap shot by T.J. Oshie.
10:37 of 1st period - Shot Misses the Net.
10:39 of 1st period - Snap shot by T.J. Oshie.
10:39 of 1st period - Goal by T.J. Oshie - Capitals : 2 - Maple Leafs : 0.
10:40 of 1st period - Jordan Staal wins face-off versus Scott Gomez in neutral zone.
11:16 of 1st period - Wrist shot by Claude Giroux.
11:16 of 1st period - Stopped by Craig Anderson with a rebound.
11:18 of 1st period - Wrist shot by Claude Giroux.
11:18 of 1st period - Shot Misses the Net.
11:20 of 1st period - Snap shot by Jordan Staal.
11:20 of 1st period - Stopped by Craig Anderson with a rebound.
11:22 of 1st period - Slapshot by Marc-Édouard Vlasic.
11:22 of 1st period - Stopped by Craig Anderson with a rebound.
11:24 of 1st period - Snap shot by Claude Giroux.
11:24 of 1st period - Shot Misses the Net.
11:36 of 1st period - Wrist shot by Claude Giroux.
11:36 of 1st period - Shot Misses the Net.
11:38 of 1st period - Snap shot by Claude Giroux.
11:38 of 1st period - Shot Misses the Net.
11:40 of 1st period - Snap shot by Jordan Staal.
11:40 of 1st period - Stopped by Craig Anderson with a rebound.
11:44 of 1st period - Wrist shot by Jordan Staal.
11:44 of 1st period - Shot Blocked by Dougie Hamilton.
11:46 of 1st period - Slapshot by Alexander Frolov.
11:46 of 1st period - Shot Misses the Net.
11:48 of 1st period - Wrist shot by Alexander Frolov.
11:48 of 1st period - Deflect By Claude Giroux.
11:48 of 1st period - Stopped by Craig Anderson without a rebound.
11:49 of 1st period - Jaromir Jagr wins face-off versus Zac Dalpe in Capitals zone.
12:14 of 1st period - Blake Wheeler is hit by Zac Dalpe and loses puck.
12:29 of 1st period - Wrist shot by Scott Gomez.
12:29 of 1st period - Stopped by Marc-André Fleury without a rebound.
12:30 of 1st period - Eric Nystrom wins face-off versus Scott Gomez in Maple Leafs zone.
12:30 of 1st period - Eric Nystrom is hit by Patrick Marleau.
12:51 of 1st period - Slapshot by Patrick Marleau.
12:51 of 1st period - Shot Misses the Net.
12:53 of 1st period - Wrist shot by Paul Martin.
12:53 of 1st period - Stopped by Marc-André Fleury with a rebound.
12:55 of 1st period - Snap shot by Marcel Goc.
12:55 of 1st period - Shot Misses the Net.
12:57 of 1st period - Slapshot by Dougie Hamilton.
12:57 of 1st period - Deflect By Jamie Benn.
12:57 of 1st period - Goal by Jamie Benn - Capitals : 3 - Maple Leafs : 0.
12:58 of 1st period - Jaromir Jagr wins face-off versus Jordan Staal in neutral zone.
13:01 of 1st period - Braydon Coburn is hit by Scott Gomez.
13:24 of 1st period - Marcel Goc is hit by Colby Armstrong and loses puck.
14:08 of 1st period - Snap shot by Tobias Enstrom.
14:08 of 1st period - Shot Blocked by François Beauchemin.
14:28 of 1st period - Wrist shot by Claude Giroux.
14:28 of 1st period - Goal by Claude Giroux - Capitals : 3 - Maple Leafs : 1.
14:29 of 1st period - Scott Gomez wins face-off versus Jordan Staal in neutral zone.
14:45 of 1st period - Snap shot by John Klingberg.
14:45 of 1st period - Shot Blocked by Patrick Marleau.
14:55 of 1st period - Zac Dalpe is hit by Jamie Benn and loses puck.
15:23 of 1st period - Slapshot by Michael Grabner.
15:23 of 1st period - Shot Blocked by Matt Irwin.
15:41 of 1st period - Wrist shot by Scott Gomez.
15:41 of 1st period - Stopped by Marc-André Fleury without a rebound.
15:42 of 1st period - Jordan Staal wins face-off versus Scott Gomez in Maple Leafs zone.
16:27 of 1st period - Wrist shot by Jamie Benn.
16:27 of 1st period - Shot Misses the Net.
16:33 of 1st period - Wrist shot by Marcel Goc.
16:33 of 1st period - Stopped by Marc-André Fleury with a rebound.
16:47 of 1st period - Dougie Hamilton is hit by Michael Grabner.
17:20 of 1st period - Minor Penalty to Chris Kunitz for Slashing.
17:21 of 1st period - Jordan Staal wins face-off versus Scott Gomez in Capitals zone.
17:56 of 1st period - Jaromir Jagr is hit by Michael Grabner and loses puck.
18:17 of 1st period - Slapshot by Blake Wheeler.
18:17 of 1st period - Deflect By Patrick Marleau.
18:17 of 1st period - Shot Blocked by Jordan Staal.
18:17 of 1st period - Puck is out of play.
18:18 of 1st period - Scott Gomez wins face-off versus Jordan Staal in Maple Leafs zone.
19:20 of 1st period - Penalty to Chris Kunitz is over, Chris Kunitz is back on ice.
19:29 of 1st period - Christian Ehrhoff is hit by Jordan Staal and loses puck.
19:39 of 1st period - Off-side.
19:40 of 1st period - Zac Dalpe wins face-off versus Blake Wheeler in neutral zone.
19:45 of 1st period - Slapshot by Colby Armstrong.
19:45 of 1st period - Goal by Colby Armstrong - Capitals : 3 - Maple Leafs : 2.
19:46 of 1st period - Jordan Staal wins face-off versus Jaromir Jagr in neutral zone.
19:50 of 1st period - Off-side.
19:51 of 1st period - Alexander Frolov wins face-off versus Scott Gomez in neutral zone.
19:56 of 1st period - Wrist shot by Claude Giroux.
19:56 of 1st period - Goal by Claude Giroux - Capitals : 3 - Maple Leafs : 3.
19:57 of 1st period - Claude Giroux wins face-off versus Scott Gomez in neutral zone.
Goals for this period are 3 for Capitals vs 3 for Maple Leafs.
Shots for this period are 9 for Capitals vs 14 for Maple Leafs.
2nd period
0:01 of 2nd period - Jordan Staal wins face-off versus Scott Gomez in neutral zone.
0:12 of 2nd period - Snap shot by Jordan Staal.
0:12 of 2nd period - Shot Blocked by Christian Ehrhoff.
0:14 of 2nd period - Snap shot by Braydon Coburn.
0:14 of 2nd period - Shot Misses the Net.
0:26 of 2nd period - Eric Nystrom is hit by Christian Ehrhoff and loses puck.
0:35 of 2nd period - Wrist shot by Marcel Goc.
0:35 of 2nd period - Stopped by Marc-André Fleury without a rebound.
0:36 of 2nd period - Jordan Staal wins face-off versus Scott Gomez in Maple Leafs zone.
0:47 of 2nd period - Snap shot by Jordan Staal.
0:47 of 2nd period - Stopped by Craig Anderson with a rebound.
1:03 of 2nd period - François Beauchemin is hit by Eric Nystrom and loses puck.
1:15 of 2nd period - Minor Penalty to Scott Gomez for Hooking.
1:16 of 2nd period - Shane Doan wins face-off versus Jordan Staal in Capitals zone.
1:24 of 2nd period - Slapshot by Paul Martin.
1:24 of 2nd period - Shot Blocked by Tobias Enstrom.
2:36 of 2nd period - Paul Martin is hit by Fabian Brunnstrom and loses puck.
3:03 of 2nd period - Fabian Brunnstrom is hit by Matt Irwin and loses puck.
3:15 of 2nd period - Penalty to Scott Gomez is over, Scott Gomez is back on ice.
3:22 of 2nd period - Snap shot by Colby Armstrong.
3:22 of 2nd period - Stopped by Craig Anderson with a rebound.
3:24 of 2nd period - Wrist shot by Eric Nystrom.
3:24 of 2nd period - Shot Misses the Net.
3:26 of 2nd period - Slapshot by John Klingberg.
3:26 of 2nd period - Stopped by Craig Anderson without a rebound.
3:27 of 2nd period - Blake Wheeler wins face-off versus Zac Dalpe in Capitals zone.
4:07 of 2nd period - Minor Penalty to Adam Larsson for Goalie Interference.
4:08 of 2nd period - Scott Gomez wins face-off versus Jordan Staal in Capitals zone.
4:16 of 2nd period - Off-side.
4:17 of 2nd period - Jordan Staal wins face-off versus Scott Gomez in neutral zone.
4:20 of 2nd period - Slapshot by Tobias Enstrom.
4:20 of 2nd period - Deflect By Paul Martin.
4:20 of 2nd period - Stopped by Craig Anderson without a rebound.
4:21 of 2nd period - Jordan Staal wins face-off versus Scott Gomez in Capitals zone.
4:24 of 2nd period - Snap shot by Jordan Staal.
4:24 of 2nd period - Shot Blocked by Paul Martin.
5:43 of 2nd period - Blake Wheeler is hit by Alexander Frolov and loses puck.
6:07 of 2nd period - Penalty to Adam Larsson is over, Adam Larsson is back on ice.
6:18 of 2nd period - Off-side.
6:19 of 2nd period - Zac Dalpe wins face-off versus Tyler Seguin in neutral zone.
6:22 of 2nd period - Chris Kunitz is hit by Colby Armstrong and loses puck.
6:37 of 2nd period - Tyler Seguin is hit by Braydon Coburn.
6:51 of 2nd period - Adam Larsson is hit by Colby Armstrong.
6:54 of 2nd period - Off-side.
6:55 of 2nd period - Scott Gomez wins face-off versus Jordan Staal in neutral zone.
7:01 of 2nd period - Minor Penalty to Alexander Frolov for Roughing.
7:02 of 2nd period - Scott Gomez wins face-off versus Claude Giroux in Maple Leafs zone.
7:06 of 2nd period - Slapshot by Patrick Marleau.
7:06 of 2nd period - Shot Blocked by Braydon Coburn.
7:08 of 2nd period - Snap shot by Scott Gomez.
7:08 of 2nd period - Stopped by Marc-André Fleury with a rebound.
7:10 of 2nd period - Wrist shot by Jaromir Jagr.
7:10 of 2nd period - Shot Blocked by Braydon Coburn.
7:12 of 2nd period - Slapshot by Christian Ehrhoff.
7:12 of 2nd period - Shot Blocked by Tobias Enstrom.
7:14 of 2nd period - Snap shot by Jaromir Jagr.
7:14 of 2nd period - Stopped by Marc-André Fleury with a rebound.
7:16 of 2nd period - Slapshot by Christian Ehrhoff.
7:16 of 2nd period - Stopped by Marc-André Fleury without a rebound.
7:17 of 2nd period - Claude Giroux wins face-off versus Scott Gomez in Maple Leafs zone.
7:31 of 2nd period - Minor Penalty to Tobias Enstrom for Holding.
7:32 of 2nd period - Claude Giroux wins face-off versus Scott Gomez in Maple Leafs zone.
7:43 of 2nd period - Slapshot by Christian Ehrhoff.
7:43 of 2nd period - Goal by Christian Ehrhoff - Capitals : 4 - Maple Leafs : 3.
7:44 of 2nd period - Scott Gomez wins face-off versus Claude Giroux in neutral zone.
8:20 of 2nd period - Off-side.
8:21 of 2nd period - Gilbert Brule wins face-off versus Marcel Goc in neutral zone.
9:31 of 2nd period - Penalty to Tobias Enstrom is over, Tobias Enstrom is back on ice.
9:53 of 2nd period - Snap shot by Zac Dalpe.
9:53 of 2nd period - Goal by Zac Dalpe - Capitals : 4 - Maple Leafs : 4.
9:54 of 2nd period - Patrick Marleau wins face-off versus Jordan Staal in neutral zone.
10:01 of 2nd period - Wrist shot by Scott Gomez.
10:01 of 2nd period - Stopped by Marc-André Fleury without a rebound.
10:02 of 2nd period - Jordan Staal wins face-off versus Jaromir Jagr in Maple Leafs zone.
10:15 of 2nd period - Wrist shot by Patrick Marleau.
10:15 of 2nd period - Shot Misses the Net.
10:17 of 2nd period - Minor Penalty to Alexander Frolov for Boarding.
10:18 of 2nd period - Scott Gomez wins face-off versus Claude Giroux in Maple Leafs zone.
10:51 of 2nd period - Snap shot by Blake Wheeler.
10:51 of 2nd period - Stopped by Marc-André Fleury without a rebound.
10:52 of 2nd period - Gilbert Brule wins face-off versus Marcel Goc in Maple Leafs zone.
11:47 of 2nd period - Slapshot by Patrick Marleau.
11:47 of 2nd period - Deflect By Scott Gomez.
11:47 of 2nd period - Goal by Scott Gomez - Capitals : 5 - Maple Leafs : 4.
11:48 of 2nd period - Claude Giroux wins face-off versus Scott Gomez in neutral zone.
12:42 of 2nd period - Icing by Michael Grabner.
12:43 of 2nd period - Gilbert Brule wins face-off versus Scott Gomez in Maple Leafs zone.
12:54 of 2nd period - Slapshot by Matt Irwin.
12:54 of 2nd period - Stopped by Marc-André Fleury with a rebound.
13:17 of 2nd period - Marc-Édouard Vlasic is hit by Scott Gomez and loses puck.
14:22 of 2nd period - Snap shot by Gilbert Brule.
14:22 of 2nd period - Stopped by Craig Anderson without a rebound.
14:23 of 2nd period - Jordan Staal wins face-off versus Marcel Goc in Capitals zone.
14:30 of 2nd period - Slapshot by Paul Martin.
14:30 of 2nd period - Stopped by Marc-André Fleury without a rebound.
14:31 of 2nd period - Marcel Goc wins face-off versus Jordan Staal in Maple Leafs zone.
15:04 of 2nd period - Snap shot by Braydon Coburn.
15:04 of 2nd period - Shot Blocked by Tyler Seguin.
15:24 of 2nd period - Wrist shot by Shane Doan.
15:24 of 2nd period - Stopped by Marc-André Fleury with a rebound.
15:30 of 2nd period - Wrist shot by Ondrej Palat.
15:30 of 2nd period - Shot Misses the Net.
15:46 of 2nd period - Slapshot by Marcel Goc.
15:46 of 2nd period - Shot Blocked by John Klingberg.
16:24 of 2nd period - Snap shot by Artemi Panarin.
16:24 of 2nd period - Stopped by Craig Anderson with a rebound.
17:17 of 2nd period - John Klingberg is hit by Shane Doan.
18:34 of 2nd period - Alexander Frolov is hit by Chris Kunitz and loses puck.
18:53 of 2nd period - Colby Armstrong is hit by Blake Wheeler and loses puck.
19:09 of 2nd period - Off-side.
19:10 of 2nd period - Jordan Staal wins face-off versus Scott Gomez in neutral zone.
19:35 of 2nd period - Snap shot by Marcel Goc.
19:35 of 2nd period - Shot Misses the Net.
19:37 of 2nd period - Snap shot by Blake Wheeler.
19:37 of 2nd period - Stopped by Marc-André Fleury without a rebound.
19:38 of 2nd period - Scott Gomez wins face-off versus Jordan Staal in Maple Leafs zone.
19:50 of 2nd period - Snap shot by Claude Giroux.
19:50 of 2nd period - Shot Misses the Net.
19:52 of 2nd period - Wrist shot by Claude Giroux.
19:52 of 2nd period - Stopped by Craig Anderson without a rebound.
19:53 of 2nd period - Gilbert Brule wins face-off versus Marcel Goc in Capitals zone.
19:54 of 2nd period - Snap shot by Fabian Brunnstrom.
19:54 of 2nd period - Stopped by Craig Anderson with a rebound.
19:56 of 2nd period - Slapshot by Braydon Coburn.
19:56 of 2nd period - Shot Blocked by Marcel Goc.
19:58 of 2nd period - Snap shot by Michael Grabner.
19:58 of 2nd period - Stopped by Craig Anderson without a rebound.
19:59 of 2nd period - Gilbert Brule wins face-off versus Marcel Goc in Capitals zone.
Goals for this period are 2 for Capitals vs 1 for Maple Leafs.
Shots for this period are 12 for Capitals vs 10 for Maple Leafs.
3rd period
0:01 of 3rd period - Scott Gomez wins face-off versus Jordan Staal in neutral zone.
0:03 of 3rd period - Minor Penalty to Jaromir Jagr for Hooking.
0:04 of 3rd period - Scott Gomez wins face-off versus Jordan Staal in Capitals zone.
2:03 of 3rd period - Penalty to Jaromir Jagr is over, Jaromir Jagr is back on ice.
2:18 of 3rd period - Snap shot by Jaromir Jagr.
2:18 of 3rd period - Shot Misses the Net.
2:20 of 3rd period - Slapshot by Christian Ehrhoff.
2:20 of 3rd period - Stopped by Marc-André Fleury without a rebound.
2:21 of 3rd period - Marcel Goc wins face-off versus Zac Dalpe in Maple Leafs zone.
2:43 of 3rd period - Icing by Eric Nystrom.
2:44 of 3rd period - Zac Dalpe wins face-off versus Scott Gomez in Maple Leafs zone.
2:49 of 3rd period - Snap shot by Claude Giroux.
2:49 of 3rd period - Shot Misses the Net.
2:51 of 3rd period - Slapshot by John Klingberg.
2:51 of 3rd period - Deflect By Jordan Staal.
2:51 of 3rd period - Shot Misses the Net.
2:51 of 3rd period - Puck is out of play.
2:52 of 3rd period - Jordan Staal wins face-off versus Scott Gomez in Capitals zone.
3:11 of 3rd period - Snap shot by Alexander Frolov.
3:11 of 3rd period - Shot Misses the Net.
3:23 of 3rd period - Wrist shot by Marcel Goc.
3:23 of 3rd period - Shot Blocked by Braydon Coburn.
3:25 of 3rd period - Snap shot by Matt Irwin.
3:25 of 3rd period - Stopped by Marc-André Fleury with a rebound.
4:08 of 3rd period - Snap shot by Shane Doan.
4:08 of 3rd period - Shot Blocked by Ryan Parent.
4:40 of 3rd period - Snap shot by Gilbert Brule.
4:40 of 3rd period - Stopped by Craig Anderson with a rebound.
4:42 of 3rd period - Wrist shot by Michael Grabner.
4:42 of 3rd period - Shot Misses the Net.
4:44 of 3rd period - Slapshot by Marc-Édouard Vlasic.
4:44 of 3rd period - Shot Blocked by Dougie Hamilton.
4:50 of 3rd period - Snap shot by Gilbert Brule.
4:50 of 3rd period - Shot Misses the Net.
4:52 of 3rd period - Wrist shot by Gilbert Brule.
4:52 of 3rd period - Shot Misses the Net.
4:54 of 3rd period - Slapshot by Fabian Brunnstrom.
4:54 of 3rd period - Stopped by Craig Anderson without a rebound.
4:55 of 3rd period - Scott Gomez wins face-off versus Jordan Staal in Capitals zone.
5:21 of 3rd period - Taylor Chorney is hit by Matt Irwin and loses puck.
5:45 of 3rd period - Minor Penalty to Alexander Frolov for Hooking.
5:46 of 3rd period - Scott Gomez wins face-off versus Claude Giroux in Maple Leafs zone.
5:48 of 3rd period - Snap shot by Patrick Marleau.
5:48 of 3rd period - Shot Misses the Net.
6:07 of 3rd period - Icing by Jamie Benn.
6:08 of 3rd period - Marcel Goc wins face-off versus Jordan Staal in Capitals zone.
6:32 of 3rd period - Snap shot by Scott Gomez.
6:32 of 3rd period - Stopped by Marc-André Fleury with a rebound.
7:07 of 3rd period - Artemi Panarin is hit by Christian Ehrhoff and loses puck.
7:45 of 3rd period - Penalty to Alexander Frolov is over, Alexander Frolov is back on ice.
8:53 of 3rd period - Slapshot by Jordan Staal.
8:53 of 3rd period - Stopped by Craig Anderson with a rebound.
8:55 of 3rd period - Slapshot by Tobias Enstrom.
8:55 of 3rd period - Stopped by Craig Anderson without a rebound.
8:56 of 3rd period - Marcel Goc wins face-off versus Zac Dalpe in Capitals zone.
8:56 of 3rd period - Marcel Goc is hit by Eric Nystrom.
9:18 of 3rd period - Minor Penalty to Zac Dalpe for Roughing.
9:19 of 3rd period - Claude Giroux wins face-off versus Scott Gomez in Maple Leafs zone.
9:28 of 3rd period - Slapshot by Christian Ehrhoff.
9:28 of 3rd period - Shot Blocked by Claude Giroux.
10:43 of 3rd period - Marc-Édouard Vlasic is hit by Christian Ehrhoff and loses puck.
11:18 of 3rd period - Penalty to Zac Dalpe is over, Zac Dalpe is back on ice.
12:08 of 3rd period - François Beauchemin is hit by Marc-Édouard Vlasic and loses puck.
13:17 of 3rd period - Adam Larsson is hit by Michael Grabner and loses puck.
13:34 of 3rd period - Blake Wheeler is hit by Eric Nystrom and loses puck.
14:24 of 3rd period - François Beauchemin is hit by Marc-Édouard Vlasic and loses puck.
14:42 of 3rd period - Jamie Benn is hit by Eric Nystrom and loses puck.
14:57 of 3rd period - Paul Martin is hit by Michael Grabner and loses puck.
15:10 of 3rd period - Alexander Frolov is hit by Christian Ehrhoff and loses puck.
15:31 of 3rd period - Snap shot by Chris Kunitz.
15:31 of 3rd period - Stopped by Marc-André Fleury with a rebound.
15:33 of 3rd period - Snap shot by T.J. Oshie.
15:33 of 3rd period - Shot Blocked by John Klingberg.
15:35 of 3rd period - Slapshot by Adam Larsson.
15:35 of 3rd period - Deflect By Fabian Brunnstrom.
15:35 of 3rd period - Stopped by Marc-André Fleury without a rebound.
15:36 of 3rd period - Scott Gomez wins face-off versus Jordan Staal in Maple Leafs zone.
15:39 of 3rd period - Snap shot by Jaromir Jagr.
15:39 of 3rd period - Shot Misses the Net.
15:45 of 3rd period - Patrick Marleau is hit by Jordan Staal and loses puck.
16:47 of 3rd period - Tobias Enstrom is hit by Jaromir Jagr and loses puck.
18:33 of 3rd period - Ryan Parent is hit by Chris Kunitz.
18:39 of 3rd period - Minor Penalty to T.J. Oshie for Hooking.
18:40 of 3rd period - Jordan Staal wins face-off versus Scott Gomez in Capitals zone.
18:45 of 3rd period - Maple Leafs, Marc-André Fleury is pulled from the net.
18:47 of 3rd period - Wrist shot by Claude Giroux.
18:47 of 3rd period - Stopped by Craig Anderson with a rebound.
18:49 of 3rd period - Wrist shot by Alexander Frolov.
18:49 of 3rd period - Stopped by Craig Anderson without a rebound.
18:50 of 3rd period - Pat Burns call a timeout for Maple Leafs.
18:50 of 3rd period - Jordan Staal wins face-off versus Scott Gomez in Capitals zone.
19:07 of 3rd period - Slapshot by Paul Martin.
19:07 of 3rd period - Shot Misses the Net.
19:31 of 3rd period - Slapshot by Jordan Staal.
19:31 of 3rd period - Shot Misses the Net.
19:33 of 3rd period - Snap shot by Braydon Coburn.
19:33 of 3rd period - Stopped by Craig Anderson with a rebound.
19:45 of 3rd period - Snap shot by Claude Giroux.
19:45 of 3rd period - Shot Misses the Net.
19:47 of 3rd period - Slapshot by Braydon Coburn.
19:47 of 3rd period - Shot Misses the Net.
19:49 of 3rd period - Snap shot by Alexander Frolov.
19:49 of 3rd period - Shot Misses the Net.
19:51 of 3rd period - Slapshot by Tobias Enstrom.
19:51 of 3rd period - Stopped by Craig Anderson without a rebound.
19:52 of 3rd period - Gilbert Brule wins face-off versus Blake Wheeler in Capitals zone.
Goals for this period are 0 for Capitals vs 0 for Maple Leafs.
Shots for this period are 5 for Capitals vs 8 for Maple Leafs.
Back to the Top